 Dungeon Crawl Stone Soup version 0.26-b1-32-g5d43845318 (webtiles) character file.

Game seed: 12127117944746890653

431474 HoaS the Wrestler (level 23, -4/220 HPs)
             Began as a Ghoul Gladiator on Jan 10, 2021.
             Was the Champion of Makhleb.
             Killed from afar by a Hell Sentinel (33 damage)
             ... with damnation
             ... summoned by a deep elf demonologist
             ... on level 3 of the Elven Halls on Jan 12, 2021.
             The game lasted 02:02:47 (47614 turns).

HoaS the Wrestler (Ghoul Gladiator)                Turns: 47614, Time: 02:02:47

Health: -4/220     AC: 39    Str: 22    XL:     23   Next: 92%
Magic:  22/22      EV: 15    Int:  3    God:    Makhleb [******]
Gold:   3144       SH:  5    Dex: 22    Spells: 22/22 levels left

rFire    . . .     SeeInvis .     - Unarmed
rCold    + . .     Faith    .   (no shield)
rNeg     + + +     Spirit   .   q - +6 crystal plate armour
rPois    ∞         Reflect  +   b - +1 helmet
rElec    .         Harm     .   D - +0 cloak
rCorr    .         Rampage  .   (no gloves)
Will     +++..                  I - +2 pair of boots "Isomi" {Dex+6}
Stlth    ..........             l - amulet of reflection
HPRegen  0.00/turn              m - ring of willpower
MPRegen  0.18/turn              N - ring of willpower

@: no status effects
A: claws 1, cold resistance 1, negative energy resistance 3, inhibited
regeneration, torment resistance, unbreathing
}: 2/15 runes: serpentine, barnacled
a: Renounce Religion, Minor Destruction, Lesser Servant of Makhleb, Major
Destruction, Greater Servant of Makhleb


You were on level 3 of the Elven Halls.
You worshipped Makhleb.
Makhleb was exalted by your worship.
You visited 9 branches of the dungeon, and saw 41 of its levels.
You visited the Abyss 1 time.
You visited 2 bazaars.
You also visited: Trove and Bailey.

You collected 7698 gold pieces.
You spent 4554 gold pieces at shops.

Inventory:

Missiles
 h - 59 silver javelins
 t - 6 throwing nets
 y - 77 javelins
Armour
 b - a +1 helmet (worn)
 q - a +6 crystal plate armour (worn)
 D - a +0 cloak (worn)
 I - the +2 pair of boots "Isomi" (worn) {Dex+6}
   (You acquired it on level 1 of the Depths)

   It affects your dexterity (+6).
Jewellery
 d - an uncursed ring of protection from fire
 k - an uncursed ring of protection from cold
 l - an amulet of reflection (around neck)
 m - a ring of willpower (left claw)
 o - the ring "Sybac" {rF+ rN+ Stlth+}
   (You took it off a centaur on level 8 of the Dungeon)

   [ring of positive energy]

   It protects you from fire.
   It protects you from negative energy.
   It makes you more stealthy.
 s - an uncursed ring of ice
 v - an uncursed ring of flight
 A - an uncursed ring of resist corrosion
 C - a +6 ring of intelligence
 E - an uncursed ring of see invisible
 J - a +4 ring of slaying
 L - a +4 ring of evasion
 N - a ring of willpower (right claw)
 S - a +4 ring of evasion
Wands
 w - a wand of digging (9)
 O - a wand of acid (28) (quivered)
Scrolls
 e - a scroll of silence
 j - 26 scrolls of remove curse
 u - 22 scrolls of teleportation
 x - 7 scrolls of blinking
 F - 4 scrolls of fog
 G - 4 scrolls of magic mapping
 H - 4 scrolls of fear
 K - 3 scrolls of summoning
 U - 5 scrolls of identify
Potions
 a - 5 potions of heal wounds
 c - 5 potions of invisibility
 f - 12 potions of haste
 g - 25 potions of curing
 i - 10 potions of attraction
 n - 9 potions of flight
 r - 4 potions of resistance
 z - 6 potions of cancellation
 B - 6 potions of might
 M - 2 potions of ambrosia


   Skills:
 + Level 21.1 Fighting
 - Level 1.7 Throwing
 + Level 16.9 Armour
 + Level 16.9 Dodging
 * Level 26.7 Unarmed Combat


You had 22 spell levels left.
You didn't know any spells.
Your spell library contained the following spells:

 Spells                   Type           Power        Failure   Level
 Animate Skeleton         Necr           0%           100%        1
 Apportation              Tloc           0%           100%        1
 Corona                   Hex            0%           100%        1
 Foxfire                  Conj/Fire      0%           100%        1
 Freeze                   Ice            0%           100%        1
 Magic Dart               Conj           0%           100%        1
 Pain                     Necr           0%           100%        1
 Sandblast                Erth           0%           100%        1
 Shock                    Conj/Air       0%           100%        1
 Sting                    Tmut/Pois      0%           100%        1
 Summon Small Mammal      Summ           0%           100%        1
 Blink                    Tloc           N/A          100%        2
 Call Imp                 Summ           0%           100%        2
 Ensorcelled Hibernation  Hex/Ice        0%           100%        2
 Passwall                 Tmut/Erth      0%           100%        2
 Poisonous Vapours        Pois/Air       0%           100%        2
 Searing Ray              Conj           0%           100%        2
 Slow                     Hex            0%           100%        2
 Swiftness                Air            0%           100%        2
 Confusing Touch          Hex            0%           100%        3
 Conjure Flame            Conj/Fire      0%           100%        3
 Dazzling Flash           Conj/Hex       0%           100%        3
 Frozen Ramparts          Ice            0%           100%        3
 Gell's Gravitas          Tloc           0%           100%        3
 Ignite Poison            Fire/Tmut/Pois 0%           100%        3
 Inner Flame              Hex/Fire       0%           100%        3
 Mephitic Cloud           Conj/Pois/Air  0%           100%        3
 Ozocubu's Armour         Ice            0%           100%        3
 Static Discharge         Conj/Air       0%           100%        3
 Stone Arrow              Conj/Erth      0%           100%        3
 Tukima's Dance           Hex            0%           100%        3
 Vampiric Draining        Necr           0%           100%        3
 Airstrike                Air            0%           100%        4
 Animate Dead             Necr           0%           100%        4
 Cause Fear               Hex            0%           100%        4
 Fulminant Prism          Conj/Hex       0%           100%        4
 Hailstorm                Conj/Ice       0%           100%        4
 Iskenderun's Mystic Bla  Conj/Tloc      0%           100%        4
 Olgreb's Toxic Radiance  Pois           0%           100%        4
 Petrify                  Tmut/Erth      0%           100%        4
 Sticky Flame             Conj/Fire      0%           100%        4
 Summon Ice Beast         Ice/Summ       0%           100%        4
 Agony                    Necr           0%           100%        5
 Fireball                 Conj/Fire      0%           100%        5
 Lee's Rapid Deconstruct  Erth           0%           100%        5
 Lightning Bolt           Conj/Air       0%           100%        5
 Metabolic Englaciation   Hex/Ice        0%           100%        5
 Silence                  Hex/Air        0%           100%        5
 Yara's Violent Unravell  Hex/Tmut       0%           100%        5
 Freezing Cloud           Conj/Ice/Air   0%           100%        6
 Haunt                    Necr/Summ      0%           100%        7
 Discord                  Hex            0%           100%        8
 Ignition                 Fire           0%           100%        8
 Infestation              Necr           0%           100%        8
 Beastly Appendage        Tmut           Unusable     N/A         1
 Wereblood                Tmut           Unusable     N/A         2
 Spider Form              Tmut/Pois      Unusable     N/A         3
 Ice Form                 Ice/Tmut       Unusable     N/A         4
 Blade Hands              Tmut           Unusable     N/A         5
 Borgnjor's Revivificati  Necr           Unusable     N/A         8
 Necromutation            Tmut/Necr      Unusable     N/A         8
 Death's Door             Necr           Unusable     N/A         9

Dungeon Overview and Level Annotations

Branches:
Dungeon (15/15)            Temple (1/1) D:7            Lair (6/6) D:11
 Shoals (4/4) Lair:3        Snake (4/4) Lair:4        Slime (0/5) Lair:5
    Orc (2/2) D:12            Elf (3/3) Orc:2        Vaults (4/5) D:14
  Crypt (0/3) Vaults:3     Depths (2/5) D:15         Bailey (visited)

Altars:
Ashenzari
Cheibriados
Dithmenos
Elyvilon
Fedhas
Gozag
Hepliaklqana
Kikubaaqudgha
Makhleb
Nemelex Xobeh
Okawaru
Qazlal
Ru
Sif Muna
Trog
Uskayaw
Vehumet
Wu Jian
Xom
Yredelemnul
Zin
The Shining One
Beogh
Jiyva
Lugonu

Shops:
Orc:2 *:*(   Elf:1 =   Shoals:1 ?   Shoals:4 *   Vaults:4 *   Depths:1 }(*

Portals:
Hell: Depths:1 Depths:2
Pandemonium: Orc:2 Depths:1

Annotations:
Depths:2 8 runed translucent doors


Innate Abilities, Weirdness & Mutations

You thrive by killing the living.
You are immune to poison.
You have sharp fingernails.
Your flesh is cold resistant. (rC+)
You are immune to negative energy. (rN+++)
You do not regenerate when monsters are visible.
You are immune to unholy pain and torment.
You can survive without breathing.


Message History

The iron shot hits you!!!
You mangle the Hell Sentinel!! Your claw misses the Hell Sentinel.
The Hell Sentinel is almost dead.
A fire crab comes into view.
The Hell Sentinel gestures at you. The iron shot hits you!!!
* * * LOW HITPOINT WARNING * * *
Things that are here:
an arrow; a +0 dagger You see here an arrow.
The deep elf demonologist gestures wildly while chanting.
The deep elf high priest utters an invocation to its god.
The corpses begin to drag themselves along the ground! 2 crawling corpses come into view.
Things that are here:
a +0 dagger; a +0 shortbow; a +0 leather armour You hear a shout!
The Hell Sentinel gestures at you.
The sphere of damnation explodes!
The damnation engulfs you!!
You die...

# *,**,*,****** *,#,,,,* #
*,,,,,,* *.#**,,*
######,*..***#########.#**,,*
......**#.#* #.......#e,,,,,*
####.#* *#.###......(#****,**
....#* *#.#........# **,*,**
...## ##.........#**,***,**
....## ##....<.....#*,**
**,** ####.#*
*#.....[@....#.#* **,**
......* #.##.........$#* **,*
######* ***##..x)).#### ***
..##*** #.x#1#.# ***
...#*,*** #..#e#.# ***,*
...#*,,,*** ##.#)#.# **#.,,*
...#*,,,,,***..#2#..**#...,,*
...#*,*,,,.,*###(#*##..e..*,*
...#*,**,,....##e##.....#**,*


You could see a Hell Sentinel (summoned), a balrug (summoned), a deep elf
elementalist (fast, empowered, repels missiles), a deep elf mage and 2 crawling
corpses.

Vanquished Creatures
  Mara (Shoals:4)
  Bai Suzhen (Vaults:3)
  Vashnia (Snake:3)
  A profane servitor (Abyss:3)
  A lich (Depths:1)
  The ghost of WiseOSalty the Warrior, an adept DsFi of Qazlal (Elf:1)
  Asterion (Elf:3)
  Polyphemus (Shoals:2)
  The ghost of Soawkar the Warrior, an adept GrFi of Okawaru (Snake:1)
  A deep elf master archer (Elf:2)
  2 krakens
  2 deep elf blademasters (Elf:3)
  Frances (D:14)
  A sphinx (Vaults:1)
  Ilsuiw (Shoals:4)
  Roxanne (Elf:2)
  5 deep elf sorcerers
  5 frost giants
  4 fire giants
  8 nagarajas
  10 vault wardens
  Aizul (Snake:4)
  2 orc warlords
  A deep elf elementalist (Elf:2)
  The ghost of MackTheFife the Severer, a journeyman OgFi of Okawaru (D:12)
  The ghost of rnawigator the Destroyer, a journeyman TeFE of Vehumet (Shoals:2)
  A ghoul (Vaults:3)
  A caustic shrike skeleton (Depths:2)
  8 ironheart preservers
  8 stone giants
  15 very ugly things
  2 vampire knights
  4 deep elf annihilators
  Nessos (D:15)
  Azrael (D:15)
  8 deep elf demonologists
  A minotaur (Shoals:3)
  3 ettins
  8 merfolk javelineers
  A blizzard demon (Depths:1)
  A crystal guardian (Vaults:3)
  10 merfolk impalers
  7 deep elf death magi
  2 fire dragons
  A deep elf high priest (Elf:2)
  Harold (D:7)
  14 vault guards
  6 ice dragons
  5 boulder beetles
  6 great orbs of eyes
  10 hydras
  8 yaktaur captains
  6 rakshasas
  3 spriggan air magi
  16 naga warriors
  2 catoblepae
  2 death knights
  4 alligator snapping turtles
  2 merfolk avatars
  10 centaur warriors
  3 merfolk aquamancers (Shoals:4)
  A satyr (Shoals:3)
  15 two-headed ogres
  18 dancing weapons
  2 deep troll shamans (Depths:1)
  10 anacondas
  2 thrashing horrors (Abyss:3)
  2 death yaks
  5 tengu warriors
  A deep troll earth mage (Depths:1)
  4 shock serpents
  8 ogre magi
  4 orc high priests (Orc:2)
  A vampire mage (Depths:1)
  22 deep elf knights
  7 hell knights
  A soul eater (Depths:1)
  16 naga sharpshooters
  A sun demon (Depths:1)
  A fire crab (Abyss:3)
  A sixfirhy (Orc:2)
  A wretched star (Abyss:3)
  14 deep trolls
  A spatial maelstrom (Abyss:3)
  A storm dragon skeleton (Vaults:1)
  11 sea snakes
  A shadow wraith (Vaults:1)
  An unseen horror (D:14)
  A gelid demonspawn (Orc:2)
  2 glowing orange brains
  2 torturous demonspawn (Orc:2)
  18 orc knights
  12 naga ritualists
  4 necromancers
  31 ugly things
  13 ironbrand convokers
  Pikel (D:6)
  An obsidian statue (Depths:1)
  22 harpies
  2 harpies (shapeshifter)
  25 deep elf archers
  4 wizards
  10 orc sorcerers
  4 phantasmal warriors
  15 mana vipers
  17 fauns
  A tengu skeleton (Vaults:4)
  6 wolf spiders
  10 salamanders
  3 oklob plants (D:11)
  16 manticores
  53 deep elf magi
  A will-o-the-wisp (Abyss:3)
  Maurice (Orc:2)
  2 frost giant zombies
  53 black mambas
  A human zombie (Vaults:1)
  5 cyclopes
  2 frost giant skeletons (Vaults:4)
  2 guardian serpents
  A black mamba (shapeshifter) (D:15)
  9 merfolk sirens
  24 elephants
  A fire giant skeleton (Vaults:4)
  29 naga magi
  9 water nymphs
  A rust devil (Depths:1)
  2 orange demons (Depths:1)
  8 vault sentinels
  14 cane toads
  Maggie (D:7)
  A storm dragon simulacrum (Depths:2)
  5 spectral swamp worms (Depths:2)
  2 torpor snails
  A gargoyle (D:10)
  4 smoke demons (Abyss:3)
  37 yaktaurs
  3 freezing wraiths
  2 ice devils
  11 komodo dragons
  A komodo dragon (shapeshifter) (Vaults:4)
  11 rime drakes
  A yaktaur skeleton (Vaults:4)
  3 red devils (Depths:1)
  4 tengu conjurers (Depths:1)
  An ancient zyme (Abyss:3)
  A tengu simulacrum (Vaults:4)
  4 meliai (Shoals:3)
  10 trolls
  A jumping spider (shapeshifter) (Depths:1)
  4 polar bears
  2 hornets
  33 merfolk
  A sphinx simulacrum (Depths:2)
  3 wind drakes
  A slime creature (shapeshifter) (D:14)
  A fire giant simulacrum (Vaults:4)
  Grinder (D:3)
  14 blink frogs
  32 slime creatures
  3 dream sheep
  12 snapping turtles
  2 air elementals
  A centaur simulacrum (D:13)
  A spriggan (shapeshifter) (Vaults:4)
  2 shadows
  6 wraiths
  2 ynoxinuls (Trove)
  A redback (D:12)
  A vampire (D:12)
  An ettin skeleton (Vaults:4)
  Eustachio (D:6)
  A large abomination (Abyss:3)
  9 water elementals
  5 basilisks
  2 fire bats (Lair:1)
  10 fire elementals
  A golden eye (shapeshifter) (Abyss:2)
  11 wyverns
  59 yaks
  5 vampire mosquitoes
  8 chaos spawn
  A neqoxec (Orc:2)
  A human simulacrum (Vaults:2)
  37 nagas
  6 wargs
  A spatial vortex (Abyss:3)
  2 soldier ants
  4 acid dragons
  Duvessa (D:7)
  21 water moccasins
  A floating eye (shapeshifter) (Vaults:3)
  5 hell hounds (D:15)
  6 black bears
  3 ice beasts
  2 phantoms
  53 orc warriors
  4 sky beasts
  20 boggarts
  An eye of draining (D:7)
  A necrophage (D:9)
  2 lemures (D:6)
  A human skeleton (Vaults:1)
  19 ogres
  35 centaurs
  A big kobold (D:9)
  19 bullfrogs
  A yaktaur zombie (Vaults:1)
  2 gnoll sergeants
  2 wyvern zombies
  2 earth elementals
  Dowan (D:7)
  A wyvern skeleton (D:13)
  A hornet simulacrum (D:14)
  5 scorpions
  9 killer bees
  9 electric eels
  12 wights
  2 centaur zombies
  4 howler monkeys
  A lava snake (Lair:1)
  A small abomination (Abyss:3)
  A bullfrog zombie (D:10)
  11 crimson imps (Depths:1)
  2 quasits
  11 jellies
  7 hounds
  4 centaur skeletons
  22 orc priests
  2 bullfrog skeletons
  A gnoll shaman (D:9)
  5 iron imps
  19 orc wizards
  Ijyb (D:3)
  5 iguanas
  Natasha (D:3)
  13 worker ants
  7 hell rats (D:15)
  A hound zombie (D:7)
  2 hound skeletons (D:6)
  14 gnolls
  13 adders
  2 shadow imps
  4 white imps
  3 ufetubi
  2 worms
  2 leopard geckos
  103 orcs
  9 bats
  11 giant cockroaches
  9 goblins
  6 hobgoblins
  8 jackals
  15 kobolds
  4 quokkas
  4 frilled lizards
  A leopard gecko skeleton (D:7)
  8 rats
  2 crawling corpses (Elf:3)
  10 tentacles
1812 creatures vanquished.

Vanquished Creatures (others)
  A deep elf master archer (Elf:3)
  A deep elf sorcerer (Vaults:1)
  An ironheart preserver (Vaults:1)
  A ghost crab (Abyss:3)
  A merfolk aquamancer (Shoals:1)
  A raiju (Abyss:3)
  A hell hound (D:15)
  A sky beast (shapeshifter) (Depths:1)
  An earth elemental (Elf:1)
  A crimson imp (Depths:1)
  A kobold (D:9)
  6 foxfires (Abyss:3)
  20 fungi
  A lurking horror (Abyss:3)
  89 plants
  14 tentacles
141 creatures vanquished.

Grand Total: 1953 creatures vanquished

Notes
Turn   | Place    | Note
-------+----------+-------------------------------------------
     0 | D:1      | HoaS the Ghoul Gladiator began the quest for the Orb.
     0 | D:1      | Reached XP level 1. HP: 17/17 MP: 0/0
    75 | D:1      | Reached XP level 2. HP: 24/24 MP: 1/1
    89 | D:1      | Reached skill level 4 in Unarmed Combat
   924 | D:2      | Reached XP level 3. HP: 17/29 MP: 2/2
  1234 | D:2      | Reached skill level 5 in Unarmed Combat
  1348 | D:2      | Reached XP level 4. HP: 25/36 MP: 3/3
  1525 | D:2      | Found a shimmering blue altar of Sif Muna.
  1983 | D:3      | Found a snail-covered altar of Cheibriados.
  1999 | D:3      | Noticed Ijyb
  2019 | D:3      | Killed Ijyb
  2020 | D:3      | Reached skill level 6 in Unarmed Combat
  2020 | D:3      | Reached XP level 5. HP: 17/41 MP: 4/4
  2271 | D:3      | Noticed Grinder
  2287 | D:3      | Killed Grinder
  2288 | D:3      | Reached skill level 7 in Unarmed Combat
  2288 | D:3      | Reached XP level 6. HP: 44/48 MP: 5/5
  2678 | D:3      | Noticed Natasha
  2684 | D:3      | Killed Natasha
  2833 | D:4      | Noticed a phantom
  2848 | D:3      | Reached skill level 8 in Unarmed Combat
  2904 | D:3      | Killed a phantom
  2905 | D:3      | Reached XP level 7. HP: 49/55 MP: 6/6
  3029 | D:4      | Reached skill level 9 in Unarmed Combat
  3549 | D:5      | Entered Level 5 of the Dungeon
  3717 | D:5      | Reached skill level 10 in Unarmed Combat
  3717 | D:5      | Reached XP level 8. HP: 61/61 MP: 7/7
  4388 | D:6      | Noticed Pikel
  4421 | D:6      | Killed Pikel
  4422 | D:6      | Reached skill level 11 in Unarmed Combat
  4470 | D:6      | Noticed Eustachio
  4483 | D:6      | Killed Eustachio
  4484 | D:6      | Reached skill level 12 in Unarmed Combat
  4769 | D:6      | Reached XP level 9. HP: 68/68 MP: 8/8
  4945 | D:6      | Reached skill level 1 in Armour
  5238 | D:7      | Found a staircase to the Ecumenical Temple.
  5254 | D:7      | Noticed Dowan
  5255 | D:7      | Noticed Duvessa
  5289 | D:7      | Killed Duvessa
  5302 | D:7      | Killed Dowan
  5486 | Temple   | Entered the Ecumenical Temple
  5577 | Temple   | Became a worshipper of Makhleb the Destroyer
  5632 | D:7      | Noticed a troll
  5654 | D:7      | Killed a troll
  5752 | D:7      | Noticed Maggie
  5768 | D:7      | Killed Maggie
  5769 | D:7      | Reached skill level 13 in Unarmed Combat
  5988 | D:7      | Reached XP level 10. HP: 80/80 MP: 0/9
  6035 | D:7      | Noticed Harold
  6062 | D:7      | Killed Harold
  6063 | D:7      | Reached skill level 5 in Fighting
  6067 | D:7      | Reached * piety under Makhleb
  6282 | D:8      | Reached skill level 5 in Dodging
  6385 | D:8      | Found an ornate altar of the Wu Jian Council.
  6386 | D:8      | Identified the ring "Sybac" {rF+ rN+ Stlth+}
  6575 | D:8      | Found a stormy altar of Qazlal.
  6602 | D:8      | Found a bloodstained altar of Trog.
  6745 | D:8      | Found an ornate altar of the Wu Jian Council.
  6904 | D:9      | Reached skill level 14 in Unarmed Combat
  6921 | D:9      | Reached ** piety under Makhleb
  6980 | D:9      | Found a glowing golden altar of the Shining One.
  7110 | D:9      | Found a blossoming altar of Fedhas.
  7146 | D:9      | Reached XP level 11. HP: 90/90 MP: 10/10
  7224 | D:9      | Reached skill level 5 in Armour
  7265 | D:9      | Found a flagged portal.
  7289 | Bailey   | Entered a bailey
  7289 | Bailey   | Noticed an orc knight
  7769 | D:10     | Entered Level 10 of the Dungeon
  7863 | D:10     | Reached *** piety under Makhleb
  8291 | D:10     | Noticed a two-headed ogre
  8342 | D:10     | Killed a two-headed ogre
  8488 | D:11     | Noticed a cyclops
  8494 | D:11     | Killed a cyclops
  8539 | D:11     | Noticed an oklob plant
  8539 | D:11     | Noticed an oklob plant
  8541 | D:11     | Noticed an oklob plant
  8671 | D:11     | Noticed a red ugly thing
  8697 | D:11     | Killed a red ugly thing
  8698 | D:11     | Reached skill level 15 in Unarmed Combat
  8777 | D:11     | Noticed a two-headed ogre
  8784 | D:11     | Killed a two-headed ogre
  8821 | D:11     | Noticed a centaur warrior
  8822 | D:11     | Noticed a two-headed ogre
  8828 | D:11     | Killed a centaur warrior
  8834 | D:11     | Killed a two-headed ogre
  8837 | D:11     | Reached **** piety under Makhleb
  8942 | D:11     | Reached XP level 12. HP: 101/101 MP: 11/11
  8988 | D:11     | Found the +5 scythe "Finisher" {speed, eviscerate}
  9528 | D:11     | Found a staircase to the Lair.
  9544 | Lair:1   | Entered Level 1 of the Lair of Beasts
  9565 | Lair:1   | Got a brightly glowing chain mail
  9566 | Lair:1   | Identified the +3 chain mail "Plog" {*Contam Str+9} (You
                  | found it on level 1 of the Lair of Beasts)
  9764 | Lair:1   | You fall into a shaft and drop 1 floor!
  9877 | Lair:2   | Reached skill level 16 in Unarmed Combat
  9917 | Lair:1   | Noticed a six-headed hydra
  9930 | Lair:2   | Killed a six-headed hydra
 11143 | Lair:3   | Noticed a six-headed hydra
 11258 | Lair:3   | Reached ***** piety under Makhleb
 11358 | Lair:3   | Found a staircase to the Shoals.
 11511 | Lair:3   | Reached XP level 13. HP: 111/111 MP: 12/12
 11951 | Lair:4   | Found a staircase to the Snake Pit.
 12003 | Lair:3   | Reached skill level 17 in Unarmed Combat
 12078 | Lair:4   | Reached skill level 10 in Fighting
 13434 | Lair:5   | Found a staircase to the Slime Pits.
 13436 | Lair:5   | Found a viscous altar of Jiyva.
 13771 | Lair:6   | Entered Level 6 of the Lair of Beasts
 13824 | Lair:6   | Reached XP level 14. HP: 122/122 MP: 13/13
 13985 | Lair:6   | Reached ****** piety under Makhleb
 14067 | Lair:5   | Reached skill level 18 in Unarmed Combat
 14075 | Lair:5   | HP: 4/124 [sea snake (3)]
 14616 | Lair:6   | Reached skill level 10 in Dodging
 15539 | D:12     | Noticed a fire giant
 15789 | D:11     | Killed a fire giant
 15832 | D:12     | Found a staircase to the Orcish Mines.
 15995 | D:12     | Reached XP level 15. HP: 132/132 MP: 14/14
 16072 | D:12     | Reached skill level 10 in Armour
 16094 | D:12     | Reached skill level 19 in Unarmed Combat
 16564 | D:12     | Found a runed translucent door.
 16565 | D:12     | Noticed MackTheFife's ghost (journeyman OgFi)
 16613 | D:12     | Killed MackTheFife's ghost
 16728 | D:12     | Identified the +4 mace "Zegynti" {elec, Str+2}
 16756 | Orc:1    | Entered Level 1 of the Orcish Mines
 16770 | Orc:1    | Noticed an orc warlord
 16942 | D:12     | Killed an orc warlord
 17201 | Orc:1    | Noticed an orc warlord
 17785 | Orc:1    | Killed an orc warlord
 17907 | Orc:1    | Found a roughly hewn altar of Beogh.
 17981 | Orc:2    | Entered Level 2 of the Orcish Mines
 18075 | Orc:2    | Found a staircase to the Elven Halls.
 18118 | Orc:2    | Noticed Maurice
 18136 | Orc:2    | Killed Maurice
 18219 | Orc:2    | Found a roughly hewn altar of Beogh.
 18435 | Orc:2    | Found Caefac's General Store.
 18454 | Orc:2    | Found Roaryc's General Store.
 18950 | Orc:2    | Reached XP level 16. HP: 141/141 MP: 15/15
 18983 | Orc:2    | Found Zushraurch's Book Boutique.
 18983 | Orc:2    | Found Tidde's Antique Weapon Shop.
 18984 | Orc:2    | Found a one-way gate leading to the halls of Pandemonium.
 19025 | Orc:2    | Reached skill level 20 in Unarmed Combat
 19273 | Orc:2    | Bought a manual of Fighting for 1766 gold pieces
 19344 | Orc:1    | Found a roughly hewn altar of Beogh.
 20727 | D:14     | Found an opulent altar of Gozag.
 20830 | D:14     | Noticed Frances
 20841 | D:14     | Killed Frances
 20911 | D:14     | Found a gate to the Vaults.
 21460 | D:15     | Entered Level 15 of the Dungeon
 22393 | D:15     | Found a staircase to the Depths.
 22403 | D:15     | Noticed Nessos
 22430 | D:15     | Killed Nessos
 22964 | D:15     | Found a white marble altar of Elyvilon.
 22966 | D:15     | Found an ancient bone altar of Kikubaaqudgha.
 22966 | D:15     | Found a glowing golden altar of the Shining One.
 22967 | D:15     | Noticed Azrael
 22996 | D:15     | Killed Azrael
 23197 | D:15     | Found a basalt altar of Yredelemnul.
 23197 | D:15     | Found a shimmering altar of Xom.
 23197 | D:15     | Found a burning altar of Makhleb.
 23529 | Snake:1  | Entered Level 1 of the Snake Pit
 23741 | Snake:1  | Reached XP level 17. HP: 123/154 MP: 10/16
 23825 | Snake:1  | Reached skill level 21 in Unarmed Combat
 23979 | Snake:1  | Reached skill level 15 in Fighting
 24086 | Snake:1  | Identified the +5 dagger "Qyig" {vorpal, rC+ Str+2}
 24265 | Snake:1  | Found a large runed translucent door.
 24407 | Snake:1  | Found a large runed translucent door.
 24407 | Snake:1  | Noticed Soawkar's ghost (adept GrFi)
 24463 | Snake:1  | Found a sacrificial altar of Ru.
 24665 | Snake:1  | Killed Soawkar's ghost
 24880 | Snake:1  | Identified the Tome of the Volcanoes
 25333 | Snake:2  | You fall into a shaft and drop 1 floor!
 26739 | Snake:4  | Entered Level 4 of the Snake Pit
 26741 | Snake:4  | Noticed Vashnia
 27904 | Snake:3  | Killed Vashnia
 27905 | Snake:3  | Reached XP level 18. HP: 167/167 MP: 17/17
 28167 | Snake:4  | Reached skill level 22 in Unarmed Combat
 28650 | Snake:4  | Got a serpentine rune of Zot
 29104 | Snake:4  | Noticed Aizul
 29142 | Snake:4  | Killed Aizul
 29189 | Snake:4  | Found a sacrificial altar of Ru.
 29294 | Snake:4  | Identified a scroll of acquirement
 29294 | Snake:4  | Acquired 788 gold pieces
 29400 | Shoals:1 | Entered Level 1 of the Shoals
 29606 | Shoals:1 | You fall into a shaft and drop 1 floor!
 29780 | Shoals:2 | Reached XP level 19. HP: 178/178 MP: 18/18
 29827 | Shoals:2 | Found a runed translucent gate.
 29828 | Shoals:2 | Found a runed translucent gate.
 29829 | Shoals:2 | Found a runed translucent gate.
 29953 | Shoals:1 | Found Beixkoh's Magic Scroll Boutique.
 29986 | Shoals:1 | Bought a scroll of teleportation for 42 gold pieces
 29986 | Shoals:1 | Bought a scroll of teleportation for 42 gold pieces
 29986 | Shoals:1 | Bought a scroll of blinking for 105 gold pieces
 29986 | Shoals:1 | Bought a scroll of teleportation for 42 gold pieces
 30300 | Shoals:2 | Noticed Polyphemus
 30316 | Shoals:2 | Killed Polyphemus
 31007 | Shoals:3 | Found a hide-covered altar of Uskayaw.
 31263 | Shoals:3 | Reached skill level 23 in Unarmed Combat
 31358 | Shoals:3 | Acquired 945 gold pieces
 31500 | Shoals:4 | Entered Level 4 of the Shoals
 31549 | Shoals:4 | Noticed Ilsuiw
 32568 | Shoals:4 | Noticed Mara
 32570 | Shoals:4 | Noticed HoaS's illusion
 32584 | Shoals:4 | Killed Mara
 32887 | Shoals:4 | HP: 7/180 [water elemental[Ilsuiw] (12)]
 33324 | Shoals:4 | Killed Ilsuiw
 33583 | Shoals:4 | Found Jainuqei's Mayhem Merchandise.
 33604 | Shoals:4 | Reached XP level 20. HP: 189/189 MP: 19/19
 33800 | Shoals:4 | Got a barnacled rune of Zot
 34320 | Shoals:2 | Noticed rnawigator's ghost (journeyman TeFE)
 34326 | Shoals:2 | Killed rnawigator's ghost
 34340 | Shoals:2 | Got an ancient hat
 34341 | Shoals:2 | Identified the +2 hat of the Cricket {rF+ rC- rCorr} (You
                  | found it on level 2 of the Shoals)
 34558 | Elf:1    | Entered Level 1 of the Elven Halls
 34675 | Elf:1    | Found a runed translucent gate.
 34676 | Elf:1    | Found a runed translucent gate.
 34677 | Elf:1    | Found a runed translucent gate.
 34678 | Elf:1    | Noticed WiseOSalty's ghost (adept DsFi)
 34790 | Elf:1    | Found Cuobus's Jewellery Boutique.
 34798 | Elf:1    | Bought a +4 ring of evasion for 432 gold pieces
 34798 | Elf:1    | Bought an uncursed ring of willpower for 300 gold pieces
 35690 | Elf:1    | Killed WiseOSalty's ghost
 35763 | Elf:1    | Got a heavily runed golden ring
 35771 | Elf:1    | Identified the ring of Gokkucawn {rPois Dex+4 Stlth-} (You
                  | found it on level 1 of the Elven Halls)
 36157 | Elf:2    | Found a radiant altar of Vehumet.
 36177 | Elf:2    | Lost intelligence.
 36188 | Elf:2    | Noticed a Brimstone Fiend
 36342 | Elf:1    | Bought a +6 ring of intelligence for 702 gold pieces
 36505 | Elf:2    | Reached skill level 24 in Unarmed Combat
 36538 | Elf:2    | Found a huge runed translucent gate.
 36538 | Elf:2    | Found a huge runed translucent gate.
 36538 | Elf:2    | Found a huge runed translucent gate.
 36538 | Elf:2    | Found a huge runed translucent gate.
 36538 | Elf:2    | Found a huge runed translucent gate.
 36611 | Elf:2    | Noticed Roxanne
 36972 | Elf:2    | Killed Roxanne
 37675 | Elf:2    | Reached skill level 15 in Dodging
 37696 | Elf:2    | Reached skill level 15 in Armour
 37995 | Vaults:1 | Entered Level 1 of the Vaults
 38027 | Vaults:1 | Found a portal to a secret trove of treasure.
 38035 | Vaults:1 | You paid a toll of 6 scrolls of fog to enter a treasure
                  | trove
 38036 | Trove    | Entered a treasure trove
 38299 | Vaults:1 | Reached XP level 21. HP: 198/198 MP: 20/20
 39217 | Vaults:1 | Paralysed by a sphinx for 7 turns
 39433 | Vaults:2 | Found a flickering gateway to a bazaar.
 39442 | Bazaar   | Entered a bazaar
 39442 | Bazaar   | Found Hokuis's Antique Weapon Emporium.
 39442 | Bazaar   | Found Eggy's Book Shop.
 39442 | Bazaar   | Found Litap's Distillery.
 39442 | Bazaar   | Found Duifo's Antique Weapon Shop.
 39444 | Bazaar   | Found Anetoar's Book Shoppe.
 39489 | Bazaar   | Bought a potion of curing for 48 gold pieces
 39489 | Bazaar   | Bought a potion of curing for 48 gold pieces
 39489 | Bazaar   | Bought a potion of heal wounds for 80 gold pieces
 39489 | Bazaar   | Bought a potion of curing for 48 gold pieces
 39489 | Bazaar   | Bought a potion of curing for 48 gold pieces
 39751 | Vaults:2 | Paralysed by a great orb of eyes for 4 turns
 40141 | Vaults:2 | Cast into level 2 of the Abyss (a deep elf sorcerer)
 40254 | Abyss:3  | Noticed a profane servitor
 40277 | Abyss:3  | Killed a profane servitor
 40524 | Abyss:3  | Found a corrupted altar of Lugonu.
 40547 | Vaults:2 | Escaped the Abyss
 40850 | Vaults:2 | Reached skill level 25 in Unarmed Combat
 41321 | Vaults:3 | Got a faintly humming scale mail
 41322 | Vaults:3 | Identified the +4 scale mail of Dotekyvu {+Fly Regen+
                  | Str+2} (You found it on level 3 of the Vaults)
 41461 | Vaults:3 | Reached XP level 22. HP: 209/209 MP: 21/21
 41647 | Vaults:3 | Noticed Bai Suzhen
 41678 | Vaults:3 | Killed Bai Suzhen
 42141 | Vaults:3 | Found a staircase to the Crypt.
 44124 | Vaults:4 | Found Hawak's Assorted Antiques.
 44355 | Depths:1 | Entered Level 1 of the Depths
 44373 | D:15     | Reached XP level 23. HP: 217/217 MP: 22/22
 44392 | D:15     | Reached skill level 26 in Unarmed Combat
 44939 | Depths:1 | Got a pair of translucent boots
 44940 | Depths:1 | Identified the +0 pair of boots "Amivuniy" {Harm rCorr
                  | Slay-5} (You found it on level 1 of the Depths)
 44953 | Depths:1 | Acquired the +2 pair of boots "Isomi" {Dex+6}
 45326 | Depths:1 | Found Kaitasch's Gadget Shop.
 45328 | Depths:1 | Found Sir Emna's Weapon Boutique.
 45330 | Depths:1 | Found Cauzelya's General Store.
 45338 | Depths:1 | Bought a potion of curing for 57 gold pieces
 45338 | Depths:1 | Bought a potion of curing for 57 gold pieces
 45338 | Depths:1 | Bought a scroll of teleportation for 57 gold pieces
 45342 | Depths:1 | Bought a wand of acid (8) for 480 gold pieces
 45453 | Depths:1 | Found a gateway to Hell.
 46065 | Depths:2 | Found a large runed translucent door.
 46066 | Depths:2 | Found a large runed translucent door.
 46069 | Depths:2 | Found a large runed translucent door.
 46069 | Depths:2 | Identified the ring "Gobuom" {EV+4 Int+2}
 46173 | Depths:2 | Found a large runed translucent door.
 46177 | Depths:2 | Found a large runed translucent door.
 46178 | Depths:2 | Found a large runed translucent door.
 46269 | Depths:2 | Found a large runed translucent door.
 46273 | Depths:2 | Found a large runed translucent door.
 46358 | Depths:2 | Found a corrupted altar of Lugonu.
 46705 | Elf:3    | Entered Level 3 of the Elven Halls
 46713 | Elf:3    | Noticed Asterion
 46724 | Elf:3    | Killed Asterion
 46798 | Elf:3    | Found a flickering gateway to a bazaar.
 46808 | Bazaar   | Entered a bazaar
 46810 | Bazaar   | Found Oceixikhlu's Armour Boutique.
 46814 | Bazaar   | Found Zimeasor's Weapon Boutique.
 46814 | Bazaar   | Found Ohyxiw's Book Boutique.
 46815 | Bazaar   | Found Joziech's Magic Scroll Boutique.
 46848 | Bazaar   | Bought a scroll of blinking for 75 gold pieces
 46848 | Bazaar   | Bought a scroll of magic mapping for 35 gold pieces
 46848 | Bazaar   | Bought a scroll of fear for 35 gold pieces
 46848 | Bazaar   | Bought a scroll of fog for 20 gold pieces
 46848 | Bazaar   | Bought a scroll of magic mapping for 35 gold pieces
 47614 | Elf:3    | Killed from afar by a Hell Sentinel

Illustrated notes

Levels and vault maps discovered:
D:1:      ebering_hopf_link, layout_loops_ring, chequers_big_river
D:2:      layout_basic, lemuel_blue_sif_altar, serial_glass, glass_columns_a,
          glass_columns_b, glass_columns_c, glass_columns_a, glass_columns_a,
          minmay_strange_pillars
D:3:      layout_loops_corners, cheibriados_altar_1,
          chequers_serial_rivers_micro_a, guppyfry_early_lair_pool, uniq_ijyb,
          uniq_grinder, uniq_natasha
D:4:      layout_rooms
D:5:      layout_basic
D:6:      layout_gridville, uniq_eustachio, uniq_pikel
D:7:      layout_loops_cross, minmay_temple_entry_water_ring, uniq_harold,
          uniq_maggie, uniq_duvessa
D:8:      layout_basic, grunt_qazlal_sundering, lemuel_doored_altar,
          bloody_trog, lemuel_centaur_altar
D:9:      layout_basic, lemuel_round_altar, basic_altar, enter_bailey_5
D:10:     layout_irregular_city
D:11:     layout_loops_ring, dpeg_oklobed_lair, minmay_misc_feat_roman,
          minmay_guarded_unrand_finisher
D:12:     minmay_the_grid_square_5x5_4x4_mashed
          [minmay_the_grid_square_5x5_doubleslash,
          minmay_the_grid_square_5x5_six_small,
          minmay_the_grid_square_5x5_lines, minmay_the_grid_square_5x5_meh,
          minmay_the_grid_square_5x5_inner_z,
          minmay_the_grid_square_5x5_prize_junk,
          minmay_the_grid_square_5x5_prize_monsterx,
          minmay_the_grid_square_5x5_pentomino_r,
          minmay_the_grid_square_5x5_broken_cross,
          minmay_the_grid_square_5x5_prize_waves,
          minmay_the_grid_square_5x5_prize_open, minmay_the_grid_square_5x5_tie,
          minmay_the_grid_square_5x5_fancy_junction,
          minmay_the_grid_square_5x5_c, minmay_the_grid_square_5x5_z,
          minmay_the_grid_square_5x5_two_walls_a], layout_irregular_city,
          david_orc_2, ebering_ghost_inner_flame,
          minmay_fractal_squares_diagonal_5
D:13:     minmay_weird_star, layout_layer_cave, moated_statue
D:14:     layout_gridville, erik_vaults_2, minmay_misc_feat_columns,
          st_stairs_13, kennysheep_decorative_pillar,
          nicolae_gozag_seed_capital, uniq_frances
D:15:     hangedman_depths_entry_civil_slaughter, layout_cave_pools,
          special_room [special_room_mythical_zoo], minmay_strange_pillars,
          doesnt_xom_only_xom, uniq_nessos, uniq_azrael
Temple:   lightli_temple_of_artemis
Lair:1:   layout_gridlike, serial_bayou_shore_b, wad_woods_river_01
Lair:2:   layout_gridlike
Lair:3:   layout_chaotic_city, minmay_shoals_entry_lonely_mermaid,
          chequers_serial_rivers_room_b, nicolae_quartered_pool_medium
Lair:4:   layout_cave_shapes, dummy_snake_entry, lemuel_fruit_tree,
          serial_bayou_shore_a, grunt_megastairs_3
Lair:5:   layout_regular_city, slime_altar_1, serial_bayou_lagoon_b
Lair:6:   gammafunk_lair_ancient_temple, layout_concentric_octagons
Shoals:1: layout_shoals, serial_shops, shop
Shoals:2: layout_shoals, ebering_ghost_rock_garden, uniq_polyphemus
Shoals:3: cheibrodos_shoals_roost, layout_shoals, regret_index_shoals_crete
Shoals:4: shoals_end_grunt_ice, layout_shoals, shoals_ilsuiw_ice,
          minmay_shop_mayhem, nicolae_shoals_mertower, uniq_mara
Snake:1:  layout_cave_shapes, basic_altar, ebering_ghost_disaster_area
Snake:2:  layout_cave_shapes
Snake:3:  layout_chambers, hangedman_snake_wide_pillar_pass
Snake:4:  snake_pit, layout_chambers, basic_altar, drop_trap,
          nicolae_snake_round_shape_thing, uniq_aizul, uniq_vashnia
Orc:1:    layout_caves, special_room [special_room_orc], basic_altar
Orc:2:    pf_orc_diabolical, layout_caves, basic_altar, uniq_maurice
Elf:1:    eino_elf_arrival_shootout, layout_loops_corners,
          gammafunk_ghost_tricky_traps, serial_shops, shop, evilmike_minifort,
          drop_trap
Elf:2:    layout_geoelf_grid, basic_altar, grunt_megastairs_4, uniq_roxanne
Elf:3:    elf_hall, layout_loops_cross, serial_shops, bzr_entry_water,
          uniq_asterion
Vaults:1: nicolae_vaults_border_crossing, v_misc_24, nicolae_vaults_alarming,
          v_alt_pattern_6, v_rooms_4, hangedman_vaults_variations,
          vaults_dpeg_hooks, layout_vaults_chaotic_city, enter_trove_0
Vaults:2: vaults_room_corners, v_misc_14, v_alt_pattern_2,
          nicolae_vaults_holding_cells, nicolae_vaults_network_s,
          v_alt_pattern_5, vaults_room_grunt_arrival_ludios,
          nicolae_vaults_yaktaur_gun_rack, nicolae_vaults_little_squares_3,
          layout_vaults_omnigrid, serial_shops, bzr_in_the_mist
Vaults:3: ontoclasm_vaults_fire_temple, v_misc_22, nicolae_vaults_circle_grid_a,
          vaults_standard_mumra_lines, vaults_room_pool, v_misc_23,
          minmay_crypt_entry_simple_corners, vaults_dpeg_ring, v_alt_pattern_1,
          grunt_vaults_bifocal, ontoclasm_vaults_spin, hangedman_vaults_trim,
          v_rooms_5, ontoclasm_vaults_pinch, ontoclasm_vaults_eye,
          layout_vaults_omnibox, uniq_bai_suzhen
Vaults:4: nicolae_vaults_circle_grid_a, ontoclasm_vaults_bender,
          nicolae_vaults_arrows, vaults_room_corners,
          nicolae_vaults_little_squares_6, vaults_dpeg_doors,
          ontoclasm_vaults_ligature, nicolae_vaults_windows_and_doors_thing,
          v_misc_27, v_misc_10, nicolae_vaults_know_your_exits,
          vaults_room_hallway, ontoclasm_vaults_shuriken,
          layout_vaults_big_cross, serial_shops, shop_statue
Depths:1: thingy_vault, layout_gridlike, grunt_hell_entry_demonic_statue,
          pan_entry, minmay_misc_feat_room, minmay_microvault, minmay_shop_star
Depths:2: minmay_five_octagons, layout_basic, pf_hell_entry_tar_river,
          infiniplex_staircase_hallway_doors, tgw_lugonu_bribe

Skill      XL: |  1  2  3  4  5  6  7  8  9 10 11 12 13 14 15 16 17 18 19 20 21 22 23 |
---------------+----------------------------------------------------------------------+-----
Unarmed Combat | 4 5 6 7 8 10 12 13 14 15 16 17 18 19 20 21 22 23 24 25 26 | 26.7
Armour         | 3 4 6 7 8 9 10 11 12 13 14 15 16 | 16.9
Dodging        | 4 5 7 8 9 10 11 12 13 14 15 16 | 16.9
Fighting       | 4 6 8 9 10 11 12 14 16 17 18 19 20 21 | 21.1
Throwing       | |  1.7

Action                   |  1- 3 |  4- 6 |  7- 9 | 10-12 | 13-15 | 16-18 | 19-21 | 22-24 || total
-------------------------+-------+-------+-------+-------+-------+-------+-------+-------++-------
Melee: Unarmed           |    93 |   116 |   279 |   776 |  1310 |  1388 |  1876 |  1288 ||  7126
       Punch             |     2 |     2 |     6 |    41 |   108 |   152 |   172 |   136 ||   619
Throw: Throwing net      |       |     2 |     1 |     2 |     1 |       |     1 |       ||     7
       Boomerang         |       |       |       |       |       |     2 |    50 |       ||    52
       Javelin           |       |       |       |       |       |       |       |     1 ||     1
Evoke: Wand              |       |       |       |     6 |     2 |       |    26 |     2 ||    36
  Use: Scroll            |     4 |     8 |     8 |    11 |     2 |     8 |    15 |     6 ||    62
       Potion            |       |       |       |     3 |     4 |     1 |     6 |       ||    14
 Stab: Sleeping          |       |     3 |       |       |       |       |       |       ||     3
       Held in net/web   |       |     2 |       |     1 |       |       |       |       ||     3
       Distracted        |       |       |       |       |       |       |     1 |       ||     1
Armor: Leather armour    |    49 |    17 |       |       |       |       |       |       ||    66
       Chain mail        |       |     8 |    66 |       |       |       |       |       ||    74
       Plate armour      |       |       |    22 |   233 |   294 |       |       |       ||   549
       Swamp dragon scal |       |       |       |    73 |       |       |       |       ||    73
       Crystal plate arm |       |       |       |       |   518 |   880 |  1125 |   609 ||  3132
Dodge: Dodged            |    61 |    41 |    69 |   338 |   486 |   446 |   913 |   902 ||  3256
Block: Other             |     2 |    14 |    53 |   146 |   252 |   288 |   341 |   243 ||  1339
       Reflection        |       |       |     3 |    20 |     9 |    40 |    23 |    25 ||   120
